 Dungeon Crawl Stone Soup version 0.25-a0-110-ge29c8f2358 (webtiles) character file.

Game seed: 17266294672807701254, levelgen mode: deterministic

78 D1HalberdGnoll the Sneak (level 4, 0/27 HPs)
             Began as a Vampire Assassin on Nov 20, 2019.
             Slain by a kobold (4 damage)
             ... on level 2 of the Dungeon.
             The game lasted 00:02:19 (1591 turns).

D1HalberdGnoll the Sneak (Vampire Assassin)         Turns: 1591, Time: 00:02:19

Health: 0/27       AC:  6    Str: 11    XL:     4   Next: 15%
Magic:  4/4        EV: 16    Int: 13    God:
Gold:   82         SH:  0    Dex: 20    Spells: 3/3 levels left

rFire    . . .     SeeInvis +   a - +2 dagger
rCold    + + .     Gourm    .   (no shield)
rNeg     + + +     Faith    .   f - +0 ring mail
rPois    ∞         Spirit   .   (no helmet)
rElec    .         Reflect  .   c - +0 cloak
rCorr    .         Harm     .   (no gloves)
MR       .....                  (no boots)
Stlth    ++++++....             (no amulet)
HPRegen  0.00/turn              (no ring)
MPRegen  0.09/turn              (no ring)

@: agile, bloodless
A: no food, fangs 3, see invisible, unbreathing
a: Bat Form, Revivify


You were on level 2 of the Dungeon.
You were bloodless.

You visited 1 branch of the dungeon, and saw 2 of its levels.

You collected 82 gold pieces.

Inventory:

Hand Weapons
 a - a +2 dagger (weapon)
Missiles
 d - 4 poisoned darts (quivered)
 e - 2 curare-tipped darts
Armour
 b - a +0 robe
 c - a +0 cloak (worn)
 f - a +0 ring mail (worn)
Scrolls
 h - a scroll of teleportation {unknown}
 i - a scroll of identify {unknown}
 k - a scroll of amnesia {unknown}
Potions
 g - a potion of agility
 j - a potion of haste {unknown}
 l - a potion of mutation {unknown}


   Skills:
 + Level 2.3 Fighting
 + Level 3.0 Short Blades
 - Level 1.5 Throwing
 + Level 2.0 Dodging
 * Level 7.1 Stealth


You had 3 spell levels left.
You didn't know any spells.
Your spell library was empty.

Dungeon Overview and Level Annotations

Branches:
Dungeon (2/15)

Altars:


Innate Abilities, Weirdness & Mutations

You do not eat.
You do not regenerate when monsters are visible.
You are frail without blood (-20% HP).
You can heal yourself when you bite living creatures.
You are immune to poison.
You have razor-sharp teeth.
You have supernaturally acute eyesight. (SInv)
You can survive without breathing.


Message History

You hit the giant cockroach.
You kill the giant cockroach!
You closely miss the kobold. You hit the kobold.
The kobold is moderately wounded.
The kobold hits you but does no damage.
You closely miss the kobold.
The kobold is moderately wounded.
The kobold barely misses you.
Your ring mail prevents you from hitting the kobold.
The kobold is moderately wounded.
The kobold hits you but does no damage.
You hit the kobold.
The kobold is heavily wounded.
The kobold hits you.
* * * LOW HITPOINT WARNING * * *
You barely miss the kobold. Your bite misses the kobold.
The kobold is heavily wounded.
The kobold hits you.
You die...

############
#...)K@....#
#.########.#
#### #.# #.#
... #(# #.#
#####)###K##
#.#
#.K.....(..#
#.#
#.......(..#
#.#
#....s.....#
#.#
#.......(..#
#.#


You could see a kobold.

Vanquished Creatures
  Terence (D:2)
  An ooze (D:1)
  3 leopard geckos
  A giant cockroach (D:2)
  3 goblins (D:1)
  6 hobgoblins
  9 jackals
  3 kobolds (D:1)
  6 bats
  5 frilled lizards
  4 rats
42 creatures vanquished.

Vanquished Creatures (others)
  3 jackals (D:1)
3 creatures vanquished.

Grand Total: 45 creatures vanquished

Notes
Turn   | Place    | Note
-------+----------+-------------------------------------------
     0 | D:1      | D1HalberdGnoll the Vampire Assassin began the quest for the
                  | Orb.
     0 | D:1      | Reached XP level 1. HP: 16/16 MP: 1/1
    52 | D:1      | Reached skill level 6 in Stealth
    99 | D:1      | Reached XP level 2. HP: 14/17 MP: 2/2
   527 | D:1      | Reached XP level 3. HP: 21/21 MP: 3/3
  1248 | D:2      | Noticed Terence
  1583 | D:2      | Killed Terence
  1583 | D:2      | Reached skill level 7 in Stealth
  1583 | D:2      | Reached XP level 4. HP: 5/27 MP: 4/4
  1591 | D:2      | Slain by a kobold

Levels and vault maps discovered:
D:1:      minmay_arrival_jagged, layout_rooms, serial_bayou_pond_d,
          lemuel_old_faithful
D:2:      layout_basic, uniq_terence

Skill      XL: |  1  2  3 |
---------------+----------+-----
Stealth        | 6 7 |  7.1
Fighting       | 2 |  2.3
Short Blades   | 3 |  3.0
Dodging        | 2 |  2.0
Throwing       | |  1.5

Action                   |  1- 3 |  4- 6 || total
-------------------------+-------+-------++-------
Melee: Dagger            |   129 |     7 ||   136
       Bite              |    12 |       ||    12
Throw: Dart              |     3 |     1 ||     4
 Abil: Exsanguinate      |     1 |       ||     1
  Use: Potion            |     1 |       ||     1
 Stab: Sleeping          |    11 |       ||    11
Armor: Ring mail         |    35 |     2 ||    37
       Robe              |     2 |       ||     2
Dodge: Dodged            |    65 |     1 ||    66

Table legend:
 A = Non-vault XP
 B = Vault XP
 C = Vault XP percentage of total XP
 D = Non-vault monster count
 E = Vault monster count
 F = Vault count percentage of total count
                 A         B        C        D         E       F
            +---------+---------+-------+---------+---------+-------
      Total |      76 |      36 |  32.1 |      41 |       1 |   2.4
            +---------+---------+-------+---------+---------+-------
        D:1 |      57 |       0 |   0.0 |      30 |       0 |   0.0
        D:2 |      19 |      36 |  65.5 |      11 |       1 |   8.3
            +---------+---------+-------+---------+---------+-------
